 Dungeon Crawl Stone Soup version bcrawl-1.27.6 (webtiles) character file.

Game seed: 2980170168221642353

126869 DogServant the Cudgeler (level 4, 13/36 HPs)
             Began as an Oni Skald on Oct 5, 2020.
             Quit the game on level 2 of the Dungeon.
             The game lasted 00:02:27 (1495 turns).

DogServant the Cudgeler (Oni Skald)                 Turns: 1495, Time: 00:02:27

Health: 13/36      AC:  3    Str: 16    XL:     4   Next: 8%
Magic:  9/9        EV: 11    Int: 14    God:
Gold:   101        SH:  0    Dex: 10    Spells: 4/7 levels left

rFire    . . .     SeeInvis .   a - +0 mace
rCold    . . .     Gourm    .   (no shield)
rNeg     . . .     Faith    .   b - +0 leather armour
rPois    .         Spirit   .   (helmet restricted)
rElec    .         Reflect  .   (no cloak)
rCorr    .         Harm     .   (no gloves)
MR       .....                  (no boots)
Stlth    +.........             (no amulet)
HPRegen  0.12/turn              (no ring)
MPRegen  0.11/turn              (no ring)

@: no status effects
A: oni magic, claws 1, fangs 1, horns 1
a: no special abilities


You were on level 2 of the Dungeon.
You were hungry.

You visited 1 branch of the dungeon, and saw 2 of its levels.

You collected 101 gold pieces.

Inventory:

Hand Weapons
 a - a +0 mace (weapon)
Armour
 b - a +0 leather armour (worn)
Scrolls
 c - 2 scrolls of identify
 d - a scroll of fear
 f - a scroll of amnesia {unknown}
 h - a scroll of remove curse {unknown}
 i - 2 scrolls of enchant weapon {unknown}
 j - a scroll of enchant armour {unknown}
 l - a scroll of teleportation {unknown}
Potions
 k - a potion of curing {unknown}
Comestibles
 e - 2 rations {!d}


   Skills:
 - Level 2.0 Fighting
 + Level 3.6 Maces & Flails
 - Level 0.8 Armour
 - Level 1.7 Dodging
 + Level 2.2 Spellcasting
   Level 2.2 Conjurations
   Level 2.2 Hexes
   Level 2.2 Charms
   Level 2.2 Summonings
   Level 2.2 Necromancy
   Level 2.2 Translocations
   Level 2.2 Transmutations
   Level 2.2 Fire Magic
   Level 2.2 Ice Magic
   Level 2.2 Air Magic
   Level 2.2 Earth Magic
   Level 2.2 Poison Magic


You had 4 spell levels left.
You knew the following spells:

 Your Spells              Type           Power        Failure   Level  Hunger
a - Infusion              Chrm           #.......     10%         1    None
b - Song of Slaying       Chrm           #.......     14%         2    ##.....

Your spell library contained the following spells:

 Spells                   Type           Power        Failure   Level  Hunger
 Slow                     Hex            #.......     10%         1    None
 Flaming Arrows           Chrm/Fire      #.......     17%         2    ##.....
 Ozocubu's Armour         Chrm/Ice       #.......     32%         3    ####...
 Regeneration             Chrm/Necr      #.........   32%         3    ####...
 Spectral Weapon          Hex/Chrm       #.......     32%         3    ####...


Dungeon Overview and Level Annotations

Branches:
Dungeon (2/12)

Altars:
Elyvilon


Innate Abilities, Weirdness & Mutations

You learn spells by gaining experience, not through books or religion.
You only train spellcasting to practice magic.
You have sharp fingernails.
You have very sharp teeth.
You have a pair of small horns on your head.


Message History

You hit the hobgoblin but do no damage. The hobgoblin barely misses you.
You hit the hobgoblin but do no damage. The hobgoblin completely misses you. x2
You barely miss the hobgoblin.
You headbutt the hobgoblin, but do no damage.
The hobgoblin hits you with a +0 club.
You closely miss the hobgoblin.
You bite the hobgoblin, but do no damage.
The hobgoblin closely misses you.
You hit the hobgoblin but do no damage.
The hobgoblin hits you but does no damage.
You hit the hobgoblin but do no damage. The hobgoblin barely misses you.
You hit the hobgoblin but do no damage.
The hobgoblin hits you but does no damage.
You hit the hobgoblin but do no damage. The hobgoblin barely misses you.
You hit the hobgoblin.
You kill the hobgoblin!
You now have 101 gold pieces (gained 8).
Things that are here:
a +0 club; a +0 chain mail Are you sure you want to abandon this character and quit the game? (Confirm with "yes".)

#####†## #### ....
##!..##...## ....
##..........#
.....#.)..........
.?..#.....?......
#.....†.........
#..#........#.....
##.##.....).......
#.....<.#@.#.⌠.⌠.
###....##........
##...%#$.#.)...
#....#.?..._..
#....#..#.....
.....#........
##.......# ⌠.⌠.
#.?.#.... ...


There were no monsters in sight!

Vanquished Creatures
  A worm (D:1)
  A dart slug (D:2)
  5 leopard geckos (D:1)
  A ball python (D:1)
  2 giant cockroaches
  10 goblins
  7 hobgoblins
  4 jackals (D:1)
  6 kobolds
  8 bats
  A rat (D:1)
46 creatures vanquished.

Notes
Turn   | Place    | Note
-------+----------+-------------------------------------------
     0 | D:1      | DogServant the Oni Skald began the quest for the Orb.
     0 | D:1      | Reached XP level 1. HP: 17/17 MP: 4/4
   322 | D:1      | Reached XP level 2. HP: 20/24 MP: 6/6
   384 | D:1      | Learned a level 2 spell: Song of Slaying
   536 | D:1      | Reached skill level 3 in Maces & Flails
   573 | D:1      | Reached XP level 3. HP: 28/29 MP: 7/7
  1373 | D:2      | Found a white marble altar of Elyvilon.
  1409 | D:2      | Reached XP level 4. HP: 8/36 MP: 9/9
  1495 | D:2      | Quit the game

Skill      XL: |  1  2  3 |
---------------+----------+-----
Maces & Flails | 3 |  3.6
Spellcasting   | 2 |  2.2
Fighting       | |  2.0
Armour         | |  0.8
Dodging        | |  1.7
Conjurations   | |  2.2
Hexes          | |  2.2
Charms         | |  2.2
Summonings     | |  2.2
Necromancy     | |  2.2
Translocations | |  2.2
Transmutations | |  2.2
Fire Magic     | |  2.2
Ice Magic      | |  2.2
Air Magic      | |  2.2
Earth Magic    | |  2.2
Poison Magic   | |  2.2

Action                   |  1- 3 |  4- 6 || total
-------------------------+-------+-------++-------
Melee: Mace              |   121 |    18 ||   139
       Headbutt          |    12 |     2 ||    14
       Bite              |     4 |     2 ||     6
  Eat: Chunk             |     1 |       ||     1
       Ration            |     1 |       ||     1
Armor: Leather armour    |    62 |     2 ||    64
Dodge: Dodged            |   114 |    11 ||   125
